ESL (28 & UNDER)
MT PLEASANT BEARCATS @ RIO GRANDE RATTLESNAKE
08/14/2026
 
TOP OF THE 1ST
Mt Pleasant Bearcats batting - Pitching for Rio Grande Rattlesnake : RHP Raymond Gregg
Pitching: RHP Raymond Gregg
Batting: RHB Patrick Potts 0-0: Called Strike
0-1: Fly out, F9 (Flyball, 9D)
Batting: RHB Ryosei Yamamoto 0-0: Ball
1-0: Swinging Strike
1-1: Fly out, F8 (Flyball, 8RD)
Batting: SHB Roberto Rivera 0-0: Swinging Strike
0-1: Ball
1-1: Fly out, F5 (Line Drive, 56S)
Top of the 1st over - 0 run(s), 0 hit(s), 0 error(s), 0 left on base; Mt Pleasant 0 - Rio Grande 0
BOTTOM OF THE 1ST
Rio Grande Rattlesnake batting - Pitching for Mt Pleasant Bearcats : LHP Félix García
Pitching: LHP Félix García
Batting: SHB William Daly 0-0: Ball
1-0: Called Strike
1-1: Foul Ball, location: 2F
1-2: Ball
2-2: Ground out 5-3 (Groundball, 56)
Batting: RHB Jeff Bane 0-0: Called Strike
0-1: Ball
1-1: Swinging Strike
1-2: Foul Ball, location: 2F
1-2: Strikes out swinging
Batting: RHB Liangde Que 0-0: Called Strike
0-1: Called Strike
0-2: Fly out, F3 (Popup, 34)
Bottom of the 1st over - 0 run(s), 0 hit(s), 0 error(s), 0 left on base; Mt Pleasant 0 - Rio Grande 0
TOP OF THE 2ND
Mt Pleasant Bearcats batting - Pitching for Rio Grande Rattlesnake : RHP Raymond Gregg
Batting: LHB Robert Moore 0-0: Called Strike
0-1: Called Strike
0-2: Fly out, F7 (Flyball, 78XD)
Batting: RHB Pat Fernández 0-0: Ball
1-0: SINGLE (Groundball, 6MD)
Batting: RHB Ricardo Salazar 0-0: Swinging Strike
0-1: Swinging Strike
0-2: Strikes out swinging
Batting: RHB Luis Maldonado 0-0: Ball
1-0: Swinging Strike
1-1: Foul Ball, location: 2F
1-2: Ball
2-2: Strikes out swinging
Top of the 2nd over - 0 run(s), 1 hit(s), 0 error(s), 1 left on base; Mt Pleasant 0 - Rio Grande 0
BOTTOM OF THE 2ND
Rio Grande Rattlesnake batting - Pitching for Mt Pleasant Bearcats : LHP Félix García
Batting: RHB Max Jones 0-0: Ball
1-0: Ball
2-0: Ball
3-0: Base on Balls
Batting: RHB Hollis Wood 0-0: Ball
1-0: Called Strike
Max Jones steals 2nd base
1-1: Ball
2-1: Swinging Strike
2-2: Ball
3-2: DOUBLE (Groundball, 3L)
Max Jones scores
Batting: RHB Joe Courtier 0-0: Called Strike
0-1: SINGLE (Groundball, 56D)
Hollis Wood to third
Batting: RHB Doug Delaney 0-0: Called Strike
0-1: Ball
1-1: Grounds into double play, 5-4-3 (Groundball, 56)
Hollis Wood scores
Batting: RHB Juan López 0-0: Ball
1-0: Called Strike
1-1: Foul Ball, location: 2F
1-2: Strikes out swinging
Bottom of the 2nd over - 2 run(s), 2 hit(s), 0 error(s), 0 left on base; Mt Pleasant 0 - Rio Grande 2
TOP OF THE 3RD
Mt Pleasant Bearcats batting - Pitching for Rio Grande Rattlesnake : RHP Raymond Gregg
Batting: RHB Ichizo Akiyama 0-0: Called Strike
0-1: Ball
1-1: Ball
2-1: Foul Ball, location: 2F
2-2: Ball
3-2: Base on Balls
Batting: RHB Roberto Martínez 0-0: Called Strike
0-1: Called Strike
0-2: Ball
1-2: Foul Ball, location: 2F
1-2: Strikes out swinging
Batting: RHB Patrick Potts 0-0: Called Strike
0-1: Ball
1-1: Swinging Strike
1-2: Strikes out looking
Batting: RHB Ryosei Yamamoto 0-0: Called Strike
0-1: Swinging Strike
0-2: Ball
1-2: Ball
2-2: Ball
3-2: Strikes out swinging
Top of the 3rd over - 0 run(s), 0 hit(s), 0 error(s), 1 left on base; Mt Pleasant 0 - Rio Grande 2
BOTTOM OF THE 3RD
Rio Grande Rattlesnake batting - Pitching for Mt Pleasant Bearcats : LHP Félix García
Batting: RHB Maresuke Yoshida 0-0: Ball
1-0: Hit by Pitch
Batting: SHB William Daly 0-0: Ball
Maresuke Yoshida is caught stealing 2nd base
1-0: Ball
2-0: Called Strike
2-1: Fly out, F9 (Flyball, 9LM)
Batting: RHB Jeff Bane 0-0: Ball
1-0: Foul Ball, location: 2F
1-1: Ball
2-1: SINGLE (Line Drive, 9LS)
Batting: RHB Liangde Que 0-0: Ball
Jeff Bane is caught stealing 2nd base
Bottom of the 3rd over - 0 run(s), 1 hit(s), 0 error(s), 0 left on base; Mt Pleasant 0 - Rio Grande 2
TOP OF THE 4TH
Mt Pleasant Bearcats batting - Pitching for Rio Grande Rattlesnake : RHP Raymond Gregg
Batting: SHB Roberto Rivera 0-0: Ball
1-0: Ball
2-0: Called Strike
2-1: Foul Ball, location: 2F
2-2: Strikes out swinging
Batting: LHB Robert Moore 0-0: Ball
1-0: Ball
2-0: Ball
3-0: Called Strike
3-1: Foul Ball, location: 2F
3-2: SINGLE (Line Drive, 7LS)
Batting: RHB Pat Fernández 0-0: Called Strike
0-1: Foul Ball, location: 2F
0-2: Strikes out swinging
Batting: RHB Ricardo Salazar 0-0: Called Strike
0-1: Ball
1-1: Ball
2-1: Foul Ball, location: 2F
2-2: Strikes out swinging
Top of the 4th over - 0 run(s), 1 hit(s), 0 error(s), 1 left on base; Mt Pleasant 0 - Rio Grande 2
BOTTOM OF THE 4TH
Rio Grande Rattlesnake batting - Pitching for Mt Pleasant Bearcats : LHP Félix García
Batting: RHB Liangde Que 0-0: Ball
1-0: Called Strike
1-1: Ball
2-1: Ball
3-1: Base on Balls
Batting: RHB Max Jones 0-0: Grounds into double play, 6-4-3 (Groundball, 6)
Batting: RHB Hollis Wood 0-0: Ball
1-0: Called Strike
1-1: Called Strike
1-2: Ball
2-2: SINGLE (Line Drive, 89S)
Batting: RHB Joe Courtier 0-0: Ball
1-0: Foul Ball, location: 2F
1-1: Swinging Strike
1-2: Ball
2-2: Strikes out swinging
Bottom of the 4th over - 0 run(s), 1 hit(s), 0 error(s), 1 left on base; Mt Pleasant 0 - Rio Grande 2
TOP OF THE 5TH
Mt Pleasant Bearcats batting - Pitching for Rio Grande Rattlesnake : RHP Raymond Gregg
Batting: RHB Luis Maldonado 0-0: Ball
1-0: SINGLE (Groundball, 13S) (infield hit)
Batting: RHB Ichizo Akiyama 0-0: Foul Ball, location: 2F
0-1: Ball
1-1: Swinging Strike
1-2: Ball
2-2: Strikes out looking
Batting: RHB Roberto Martínez 0-0: Ball
1-0: Foul Ball, location: 2F
1-1: Ball
2-1: Ground out 4-3 (Groundball, 4MS)
Luis Maldonado to second
Batting: RHB Patrick Potts 0-0: Called Strike
0-1: Ball
1-1: Foul Ball, location: 2F
1-2: Foul Ball, location: 2F
1-2: Ball
2-2: Fly out, F8 (Flyball, 8LM)
Top of the 5th over - 0 run(s), 1 hit(s), 0 error(s), 1 left on base; Mt Pleasant 0 - Rio Grande 2
BOTTOM OF THE 5TH
Rio Grande Rattlesnake batting - Pitching for Mt Pleasant Bearcats : LHP Félix García
Batting: RHB Doug Delaney 0-0: Ball
1-0: Ball
2-0: Called Strike
2-1: Foul Ball, location: 2F
2-2: Foul Ball, location: 2F
2-2: Foul Ball, location: 2F
2-2: Hit by Pitch
Batting: RHB Juan López 0-0: Fly out, F7 (Flyball, 78M)
Batting: RHB Maresuke Yoshida 0-0: Ball
Doug Delaney is caught stealing 2nd base
1-0: Ball
2-0: Ball
3-0: Called Strike
3-1: Called Strike
3-2: Strikes out swinging
Bottom of the 5th over - 0 run(s), 0 hit(s), 0 error(s), 0 left on base; Mt Pleasant 0 - Rio Grande 2
TOP OF THE 6TH
Mt Pleasant Bearcats batting - Pitching for Rio Grande Rattlesnake : RHP Raymond Gregg
Batting: RHB Ryosei Yamamoto 0-0: Bunted foul
0-1: Ball
1-1: Ball
2-1: DOUBLE (Line Drive, 7LM)
Batting: SHB Roberto Rivera 0-0: Swinging Strike
0-1: Called Strike
0-2: Ground out 1-3 (Groundball, 25)
Batting: LHB Robert Moore 0-0: Called Strike
0-1: Fly out, F9 (Flyball, 9LM)
Batting: RHB Pat Fernández 0-0: Ball
1-0: Called Strike
1-1: Called Strike
1-2: Foul Ball, location: 2F
1-2: Ground out 4-3 (Groundball, 4MD)
Top of the 6th over - 0 run(s), 1 hit(s), 0 error(s), 1 left on base; Mt Pleasant 0 - Rio Grande 2
BOTTOM OF THE 6TH
Rio Grande Rattlesnake batting - Pitching for Mt Pleasant Bearcats : LHP Félix García
Batting: SHB William Daly 0-0: Ball
1-0: Fly out, F8 (Flyball, 8RXD)
Batting: RHB Jeff Bane 0-0: SINGLE (Flyball, 89S)
Batting: RHB Liangde Que 0-0: Ball
1-0: Ball
2-0: Called Strike
2-1: Foul Ball, location: 2F
2-2: Foul Ball, location: 2F
2-2: Ball
3-2: DOUBLE (Line Drive, 7LS)
Jeff Bane to third
Batting: RHB Max Jones 0-0: Ball
1-0: Ball
2-0: Ball
3-0: Called Strike
3-1: Base on Balls
Pitching: RHP Jorge Amador
Batting: RHB Hollis Wood 0-0: Ball
1-0: SINGLE (Groundball, 56D)
Jeff Bane scores
Liangde Que to third
Max Jones to second
Batting: RHB Joe Courtier 0-0: SINGLE (Line Drive, 4D)
Liangde Que scores
Max Jones to third
Hollis Wood to second
Runner from 3rd tries for Home, SAFE, no throw or cutoff
Batting: RHB Doug Delaney 0-0: Called Strike
0-1: Foul Ball, location: 2F
0-2: Strikes out swinging
Batting: RHB Juan López 0-0: Ball
1-0: Fly out, F5 (Popup, 5SF)
Bottom of the 6th over - 3 run(s), 4 hit(s), 0 error(s), 2 left on base; Mt Pleasant 0 - Rio Grande 5
TOP OF THE 7TH
Mt Pleasant Bearcats batting - Pitching for Rio Grande Rattlesnake : RHP Raymond Gregg
Batting: RHB Ricardo Salazar 0-0: SINGLE (Groundball, 25) (infield hit)
Batting: RHB Luis Maldonado 0-0: Fly out, F3 (Line Drive, 3)
0-0: Lined into DP, U3 (Line Drive, 3)
Batting: RHB Ichizo Akiyama 0-0: Fly out, F8 (Flyball, 8RXD)
Top of the 7th over - 0 run(s), 1 hit(s), 0 error(s), 0 left on base; Mt Pleasant 0 - Rio Grande 5
BOTTOM OF THE 7TH
Rio Grande Rattlesnake batting - Pitching for Mt Pleasant Bearcats : RHP Jorge Amador
Batting: RHB Maresuke Yoshida 0-0: Swinging Strike
0-1: Ball
1-1: Called Strike
1-2: Strikes out swinging
Batting: SHB William Daly 0-0: Ball
1-0: Ball
2-0: Foul Ball, location: 2F
2-1: Ball
3-1: Called Strike
3-2: Base on Balls
Batting: RHB Jeff Bane 0-0: Called Strike
0-1: Ball
1-1: Ball
William Daly steals 2nd base
2-1: Ball
3-1: Foul Ball, location: 2F
3-2: DOUBLE (Line Drive, 5D)
William Daly scores
Batting: RHB Liangde Que 0-0: Called Strike
0-1: Ball
1-1: Ball
2-1: Foul Ball, location: 2F
2-2: Ball
3-2: Fly out, F8 (Flyball, 8LM)
Batting: RHB Max Jones 0-0: Ground out 5-3 (Groundball, 56)
Bottom of the 7th over - 1 run(s), 1 hit(s), 0 error(s), 1 left on base; Mt Pleasant 0 - Rio Grande 6
TOP OF THE 8TH
Mt Pleasant Bearcats batting - Pitching for Rio Grande Rattlesnake : RHP Raymond Gregg
Pitching: RHP Frank Martin
Batting: RHB Roberto Martínez 0-0: Called Strike
0-1: Swinging Strike
0-2: Strikes out looking
Batting: RHB Patrick Potts 0-0: Ball
1-0: Called Strike
1-1: Ball
2-1: Ground out 5-3 (Groundball, 5L)
Batting: RHB Ryosei Yamamoto 0-0: Ball
1-0: Ball
2-0: Ground out 5-3 (Groundball, 56)
Top of the 8th over - 0 run(s), 0 hit(s), 0 error(s), 0 left on base; Mt Pleasant 0 - Rio Grande 6
BOTTOM OF THE 8TH
Rio Grande Rattlesnake batting - Pitching for Mt Pleasant Bearcats : RHP Jorge Amador
Batting: RHB Hollis Wood 0-0: Ground out 6-3 (Groundball, 6)
Pitching: RHP Mike Horton
Batting: RHB Joe Courtier 0-0: Ball
1-0: Foul Ball, location: 2F
1-1: Called Strike
1-2: Ball
2-2: Strikes out swinging
Batting: RHB Doug Delaney 0-0: Ball
1-0: Called Strike
1-1: Foul Ball, location: 2F
1-2: Ball
2-2: Foul Ball, location: 2F
2-2: Foul Ball, location: 2F
2-2: Ball
3-2: Foul Ball, location: 2F
3-2: DOUBLE (Line Drive, 78S)
Batting: RHB Juan López 0-0: Called Strike
0-1: Ball
1-1: Fly out, F7 (Line Drive, 7S)
Bottom of the 8th over - 0 run(s), 1 hit(s), 0 error(s), 1 left on base; Mt Pleasant 0 - Rio Grande 6
TOP OF THE 9TH
Mt Pleasant Bearcats batting - Pitching for Rio Grande Rattlesnake : RHP Frank Martin
Batting: SHB Roberto Rivera 0-0: Ball
1-0: SINGLE (Line Drive, 6MD)
Batting: LHB Robert Moore 0-0: Swinging Strike
0-1: Ball
1-1: Ball
2-1: Ball
3-1: Base on Balls
Roberto Rivera to second
Batting: RHB Pat Fernández 0-0: Called Strike
0-1: Ball
1-1: Foul Ball, location: 2F
1-2: Strikes out looking
Batting: RHB Ricardo Salazar 0-0: Called Strike
0-1: Ball
1-1: Ball
2-1: Foul Ball, location: 2F
2-2: Foul Ball, location: 2F
2-2: Strikes out swinging
Batting: RHB Luis Maldonado 0-0: Swinging Strike
0-1: Ball
1-1: Foul Ball, location: 2F
1-2: Foul Ball, location: 2F
1-2: Foul Ball, location: 2F
1-2: Fly out, F8 (Flyball, 8RXD)
Top of the 9th over - 0 run(s), 1 hit(s), 0 error(s), 2 left on base; Mt Pleasant 0 - Rio Grande 6
Monday, December 5th, 2016 - OOTP Baseball 17.12 Build 75